Map: 2000 Atmospheres LE

Players

TriGGeR - Winner!

  • Race: Protoss Protoss

PattyMac

  • Race: Protoss Protoss

Event: DreamHack SC2 Masters 2021 Winter

VOD

Have the link to the VOD?

Description

Time

  • Played on: Oct. 10, 2021, 4:24 p.m.
  • Length: 8:02

All games in this series

Show
View Real Time Build Order
Export as new Build Order

TriGGeR Protoss - Winner!

Build Orders: 1 Gate Expand, Phoenix Opening, Blink Stalkers 

Get SALT Encoding   

  12  0:00  Probe  
  13  0:12  Probe  
  14  0:19  Pylon  
  14  0:24  Probe (Chrono Boost)  
  15  0:38  Gateway, Probe (Chrono Boost)  
  16  0:45  Probe (Chrono Boost)  
  16  0:47  Assimilator  
  17  0:52  Probe  
  18  1:04  Probe  
  19  1:17  Probe  
  20  1:24  Nexus  
  20  1:29  Probe  
  21  1:37  Cybernetics Core  
  21  1:42  Assimilator  
  21  1:44  Probe  
  22  1:51  Pylon  
  22  1:56  Probe  
  23  2:09  Probe  
  23  2:11  Stalker (Chrono Boost)  
  23  2:14  Warp Gate  
  26  2:21  Probe  
  27  2:33  Stalker, Probe (Chrono Boost)  
  27  2:36  Gateway  
  30  2:37  Probe (Chrono Boost)  
  32  2:46  Probe (Chrono Boost)  
  32  2:48  Probe (Chrono Boost)  
  32  2:51  Probe (Chrono Boost)  
  33  2:53  Probe (Chrono Boost)  
  33  2:57  Shield Battery  
  35  3:00  Probe  
  35  3:04  Probe, Sentry  
  39  3:12  Probe  
  40  3:16  Probe (Chrono Boost)  
  40  3:17  Twilight Council  
  42  3:28  Probe (Chrono Boost)  
  42  3:29  Probe (Chrono Boost), Pylon  
  43  3:35  Probe (Chrono Boost)  
  43  3:37  Phoenix, Probe (Chrono Boost)  
  43  3:40  Forge  
  45  3:42  Probe  
  45  3:43  Assimilator  
  46  3:49  Pylon  
  46  3:50  Gateway, Blink (Chrono Boost)  
  46  3:58  Probe  
  46  3:59  Probe  
  48  4:04  Stalker x2  
  52  4:12  Robotics Facility  
  52  4:17  Shield Battery  
  52  4:19  Pylon  
  52  4:23  Photon Cannon  
  52  4:28  Stalker  
  52  4:29  Shield Battery  
  54  4:32  Stalker  
  56  4:45  Stalker  
  56  4:50  Shield Battery  
  52  4:54  Stalker  
  52  4:58  Cybernetics Core  
  53  5:04  Immortal (Chrono Boost)  
  55  5:12  Stalker  
  57  5:17  Stalker  
  57  5:22  Stalker  
  59  5:29  Gateway  
  59  5:33  Immortal (Chrono Boost)  
  57  5:43  Stalker  
  57  5:47  Stalker  
  59  5:50  Probe x2  
  59  5:53  Stalker  
  59  5:55  Pylon  
  63  6:05  Warp Prism (Chrono Boost)  
  63  6:08  Stalker  
  67  6:12  Pylon  
  67  6:14  Probe  
  68  6:20  Stalker  
  68  6:25  Stalker  
  72  6:29  Stalker  
  73  6:35  Stalker  
  75  6:45  Stalker  
  77  6:51  Stalker  
  77  6:52  Zealot  
  79  6:55  Probe  
  78  7:06  Warp Prism  
  74  7:18  Stalker x4  
  72  7:31  Probe  
  72  7:35  Probe  
  72  7:42  Nexus  
  73  7:46  Pylon  
  73  7:48  Stalker x3  
Show
View Real Time Build Order
Export as new Build Order

PattyMac Protoss 

Build Orders: Oracle Opening, Blink Stalkers 

Get SALT Encoding   

  12  0:00  Probe  
  13  0:12  Probe  
  14  0:17  Pylon  
  14  0:24  Probe (Chrono Boost)  
  16  0:36  Gateway  
  16  0:37  Probe (Chrono Boost)  
  16  0:41  Probe (Chrono Boost)  
  16  0:45  Assimilator  
  17  0:52  Probe (Chrono Boost)  
  17  0:54  Assimilator  
  18  1:04  Probe (Chrono Boost)  
  18  1:06  Gateway  
  19  1:13  Probe (Chrono Boost)  
  20  1:19  Probe  
  20  1:23  Cybernetics Core  
  21  1:31  Probe  
  22  1:36  Pylon  
  22  1:43  Probe  
  23  1:55  Probe  
  23  1:59  Warp Gate (Chrono Boost)  
  23  2:01  Stalker, Sentry  
  28  2:08  Probe  
  29  2:13  Pylon  
  29  2:20  Pylon  
  29  2:23  Probe  
  29  2:25  Oracle  
  30  2:41  Nexus  
  30  2:48  Stalker  
  32  2:54  Stalker  
  34  3:02  Pylon  
  34  3:09  Shield Battery  
  35  3:17  Twilight Council  
  34  3:26  Gateway  
  34  3:34  Probe  
  35  3:42  Stalker  
  35  3:44  Stalker  
  35  3:48  Blink (Chrono Boost)  
  39  4:05  Stalker  
  39  4:07  Stalker  
  45  4:22  Stalker  
  45  4:27  Stalker  
  45  4:29  Probe x2  
  49  4:35  Stalker  
  51  4:41  Probe  
  46  4:54  Stalker x2  
  46  4:57  Probe  
  51  5:03  Probe  
  51  5:06  Stalker  
  50  5:09  Probe  
  51  5:15  Probe (Chrono Boost)  
  50  5:21  Stalker x2  
  50  5:26  Probe (Chrono Boost)  
  50  5:27  Probe (Chrono Boost)  
  56  5:32  Stalker  
  59  5:35  Probe x2 (Chrono Boost)  
  54  5:45  Stalker x2, Probe  
  54  5:46  Probe  
  60  5:51  Assimilator  
  60  5:53  Pylon  
  60  5:56  Stalker  
  62  6:02  Probe (Chrono Boost)  
  60  6:06  Probe (Chrono Boost)  
  60  6:09  Stalker  
  62  6:17  Probe (Chrono Boost)  
  63  6:20  Sentry  
  63  6:22  Pylon  
  63  6:23  Nexus  
  65  6:32  Gateway  
  65  6:34  Gateway  
  65  6:36  Probe x2  
  67  6:45  Gateway x2  
  67  6:49  Stalker  
  67  6:53  Shield Battery  
  69  7:01  Stalker x2  
  66  7:15  Stalker  
  50  7:26  Stalker x2  
  46  7:33  Stalker  
  46  7:35  Stalker  
  44  7:40  Stalker  
  46  7:47  Stalker  
  46  7:56  Stalker x2  

Tags
 
Add a new tag
Caveats
  • Supply blocks, unpowered buildings, or Contaminate may cause inaccurate times.
  • Supply counts are checked every 10 seconds.